 Dungeon Crawl Stone Soup version 0.22.1-1-ga44c0e56f4 (webtiles) character file.

61 JedernureinKreuz the Conjurer (level 3, -3/26 HPs)
             Began as a Demigod Conjurer on Sept 21, 2018.
             Slain by a gnoll (5 damage)
             ... on level 2 of the Dungeon.
             The game lasted 00:03:25 (1107 turns).

JedernureinKreuz the Conjurer (Demigod Conjurer)    Turns: 1107, Time: 00:03:26

Health: -3/26      AC:  2    Str: 11    XL:     3   Next: 58%
Magic:  1/8        EV: 13    Int: 21    God:
Gold:   37         SH:  0    Dex: 16    Spells: 5/6 levels left

rFire    . . .     SeeInvis .   d - +0 short sword
rCold    . . .     Gourm    .   (no shield)
rNeg     . . .     Faith    .   a - +0 robe
rPois    .         Spirit   .   (no helmet)
rElec    .         Reflect  .   (no cloak)
rCorr    .         Harm     .   (no gloves)
MR       .....                  (no boots)
Stlth    ++........             (no amulet)
HPRegen  0.08/turn              (no ring)
MPRegen  0.11/turn              (no ring)

@: no status effects
A: high mp 1
a: no special abilities


You were on level 2 of the Dungeon.
You were not hungry.

You visited 1 branch of the dungeon, and saw 2 of its levels.

You collected 37 gold pieces.

Inventory:

Hand Weapons
 d - a +0 short sword (weapon)
Missiles
 g - 17 arrows
 k - 7 poisoned needles
Armour
 a - a +0 robe (worn)
Scrolls
 e - a scroll of magic mapping {unknown}
 h - 3 scrolls of identify {unknown}
 n - a scroll of immolation {unknown}
 o - a scroll of remove curse {unknown}
Potions
 b - a potion of cancellation {unknown}
 f - a potion of curing {unknown}
 j - a potion of might {unknown}
 l - a potion of flight {unknown}
 m - a potion of magic {unknown}
Comestibles
 c - 2 rations
 i - 7 chunks of flesh


   Skills:
 - Level 0.1 Fighting
 + Level 0.4 Short Blades
 + Level 2.0 Dodging
 + Level 2.1 Stealth
 + Level 2.0 Spellcasting
 + Level 4.5 Conjurations


You had 5 spell levels left.
You knew the following spells:

 Your Spells              Type           Power        Failure   Level  Hunger
a - Magic Dart            Conj           ###.         2%          1    #......

Your spell library contained the following spells:

 Spells                   Type           Power        Failure   Level  Hunger
 Searing Ray              Conj           ###...       3%          2    ##.....
 Dazzling Spray           Conj/Hex       ##....       17%         3    ###....
 Iskenderun's Mystic Bla  Conj           ###.....     22%         4    #####..
 Force Lance              Conj/Tloc      ##......     50%         4    #####..
 Fulminant Prism          Conj/Hex       ##........   50%         4    #####..


Dungeon Overview and Level Annotations

Branches:
Dungeon (2/15)


Innate Abilities, Weirdness & Mutations

You have an increased reservoir of magic. (+10% MP)


Message History

The gnoll closely misses you.
A gnoll comes into view. It is wielding an enchanted spear.
Casting: Magic Dart (safe; 2% risk of failure)
Confirm with . or Enter, or press ? or * to list all spells.
Aiming: Magic Dart (safe; 2% risk of failure)
Press: ? - help, Shift-Dir - straight line, f/p - gnoll
Aim: a gnoll (heavily wounded)
The magic dart hits the gnoll.
The gnoll is heavily wounded.
The gnoll hits you.
* * * LOW HITPOINT WARNING * * *
You closely miss the gnoll.
The gnoll is heavily wounded.
The gnoll hits you.
* * * LOW HITPOINT WARNING * * *
The gnoll closely misses you. The gnoll closely misses you.
There is a stone staircase leading up here.
The gnoll hits you.
You die...

#........#.### .# .##
#.....##.#.####.##.. ..
###...#..#...#......# . .
......##.##.........#...
.##...##..#............#
.##.....#...........##.#
.##...#..........##.#..####
.#....#...........#........
......#........g@).รท...#
..........g......#.##......
.######..........#.# ##...
.....##..........#.# #
......).............
......#..............
.....##..........#....
..$..##..........##...
.....##.#######..# .#.


You could see 2 gnolls.

Vanquished Creatures
  Jessica (D:2)
  A gnoll (D:2)
  An ooze (D:1)
  5 hobgoblins
  4 jackals (D:1)
  3 bats
  3 frilled lizards
  2 kobolds
  3 rats
23 creatures vanquished.

Notes
Turn   | Place    | Note
-------+----------+-------------------------------------------
     0 | D:1      | JedernureinKreuz the Demigod Conjurer began the quest for
                  | the Orb.
     0 | D:1      | Reached XP level 1. HP: 14/14 MP: 5/5
   275 | D:1      | Reached skill level 4 in Conjurations
   280 | D:1      | Reached XP level 2. HP: 10/20 MP: 2/7
   957 | D:2      | Noticed Jessica
   964 | D:2      | Killed Jessica
   964 | D:2      | Reached XP level 3. HP: 16/26 MP: 0/8
  1097 | D:2      | HP: 1/26 [gnoll (6)]
  1107 | D:2      | Slain by a gnoll

Skill      XL: |  1  2  3 |
---------------+----------+-----
Conjurations   | 4 |  4.5
Stealth        | 2 |  2.1
Spellcasting   | 2 |  2.0
Dodging        | 2 |  2.0
Fighting       | |  0.1
Short Blades   | |  0.4

Action                   || total
-------------------------++-------
Melee: Short sword       ||    24
       Unarmed           ||     6
 Cast: Magic Dart        ||    38
 Stab: Sleeping          ||     1
  Eat: Chunk             ||     1
Armor: Robe              ||    12
Dodge: Dodged            ||    52
